 Dungeon Crawl Stone Soup version 0.23.2-1-ga50397a (webtiles) character file.

Game seed: 534274976995825854

98 GuyDeFluk the Sneak (level 4, 0/21 HPs)
             Began as a Spriggan Enchanter on Apr 28, 2019.
             Shot with an arrow by a centaur (7 damage)
             ... on level 2 of the Dungeon.
             The game lasted 00:25:35 (3265 turns).

GuyDeFluk the Sneak (Spriggan Enchanter)            Turns: 3265, Time: 00:25:35

Health: 0/21       AC:  2    Str:  5    XL:     4   Next: 43%
Magic:  9/9        EV: 18    Int: 16    God:
Gold:   71         SH:  0    Dex: 16    Spells: 5/8 levels left

rFire    . . .     SeeInvis +   a - +1 dagger
rCold    . . .     Gourm    .   (shield restricted)
rNeg     . . .     Faith    .   b - +0 robe
rPois    .         Spirit   .   (helmet restricted)
rElec    .         Reflect  .   l - scarf {cloud immunity}
rCorr    .         Harm     .   (gloves unavailable)
MR       .....                  (boots unavailable)
Stlth    +++.......             (no amulet)
HPRegen  0.07/turn              (no ring)
MPRegen  0.11/turn              (no ring)

@: very quick
A: very small, unfitting armour, see invisible, herbivore, speed 3, slow
metabolism 2
a: no special abilities


You were on level 2 of the Dungeon.
You were not hungry.

You visited 1 branch of the dungeon, and saw 2 of its levels.

You collected 71 gold pieces.

Inventory:

Hand Weapons
 a - a +1 dagger (weapon)
Missiles
 f - 5 needles of sleeping
Armour
 b - a +0 robe (worn)
 l - a scarf of cloud immunity (worn)
Jewellery
 p - an uncursed ring of stealth {unknown}
Scrolls
 g - a scroll of noise
 h - a scroll of teleportation {unknown}
 m - a scroll of amnesia
 n - 2 scrolls of remove curse
 o - a scroll of fear {unknown}
Potions
 c - 2 potions of lignification
 e - a potion of berserk rage {unknown}
 i - a potion of degeneration {unknown}
 j - 2 potions of curing {unknown}
 k - 2 potions of flight {unknown}
 q - a potion of invisibility {unknown}
Comestibles
 d - 2 rations


   Skills:
 + Level 3.6 Short Blades
 - Level 3.0 Dodging
 + Level 6.1 Stealth
 + Level 2.9 Spellcasting
 - Level 3.6 Hexes


You had 5 spell levels left.
You knew the following spells:

 Your Spells              Type           Power        Failure   Level  Hunger
a - Corona                Hex            ##.....      4%          1    #......
b - Ensorcelled Hibernat  Hex/Ice        #.....       14%         2    ##.....

Your spell library contained the following spells:

 Spells                   Type           Power        Failure   Level  Hunger
 Confuse                  Hex            ##......     13%         3    ###....
 Tukima's Dance           Hex            ##......     13%         3    ###....
 Dazzling Spray           Conj/Hex       #.....       26%         3    ###....


Dungeon Overview and Level Annotations

Branches:
Dungeon (2/15)

Altars:
Dithmenos
Qazlal
Uskayaw
Vehumet
Xom

Annotations:
D:2 Dithmenos


Innate Abilities, Weirdness & Mutations

You are very small and have problems with some larger weapons.
You are too small for most types of armour.
You have supernaturally acute eyesight. (SInv)
You are a herbivore.
You cover ground extremely quickly.
You need to consume almost no food.


Message History

HP restored.
There is an open door here.
There is an open door here.
You see here a leather armour.
You see here a frilled lizard skeleton.
Things that are here:
a +0 club; a hobgoblin skeleton
Found a ration.
Found a hide-covered altar of Uskayaw.
Found a viscous amethyst potion.
Found a scroll of identify.
d - 2 rations (gained 1)
q - a viscous amethyst potion You see here a scroll of identify.
The centaur shouts!
The centaur wields a +0 shortbow.
The centaur shoots an arrow.
The arrow hits you!
Ouch! That really hurt!
The centaur shoots an arrow.
The arrow barely misses you.
The centaur shoots an arrow.
The arrow hits you!
You die...

###..##..#.# .# ......#.## .# .#
........### #'## .#
##........#####...## .#
#....###....##.....## .#
#.8..._...8.........##
.####.........(..........#
......8.......8..........'
................@........#
.##.#.8.......8.#.......##
.##.#...........##...c.##########
.##.#.#.......#####...## #......#
.##.#..########### #'## #.####.#
###.####†_.###._.###.# #.###..#
###.# #.....8.....##.#####.##....
....# #..⌠.....⌠..#......#.#...##
##### ##.........##...##.#....##.


You could see a centaur.

Vanquished Creatures
  3 gnolls
  An ooze (D:1)
  2 worms (D:2)
  4 dart slugs
  3 bats
  3 giant cockroaches
  6 goblins
  5 hobgoblins
  6 jackals
  4 kobolds
  A quokka (D:2)
  5 frilled lizards
  4 rats
47 creatures vanquished.

Notes
Turn   | Place    | Note
-------+----------+-------------------------------------------
     0 | D:1      | GuyDeFluk the Spriggan Enchanter began the quest for the
                  | Orb.
     0 | D:1      | Reached XP level 1. HP: 9/9 MP: 5/5
   416 | D:1      | Reached XP level 2. HP: 13/13 MP: 6/6
   423 | D:1      | Learned a level 2 spell: Ensorcelled Hibernation
  1199 | D:1      | Reached skill level 5 in Stealth
  1292 | D:1      | Reached XP level 3. HP: 16/16 MP: 8/8
  1801 | D:2      | Noticed a centaur
  1908 | D:2      | Found a shadowy altar of Dithmenos.
  2057 | D:2      | Found a radiant altar of Vehumet.
  2058 | D:2      | Found a stormy altar of Qazlal.
  2390 | D:1      | Reached XP level 4. HP: 17/21 MP: 9/9
  2759 | D:2      | Found a shimmering altar of Xom.
  2783 | D:2      | Reached skill level 6 in Stealth
  3243 | D:2      | Found a hide-covered altar of Uskayaw.
  3265 | D:2      | Shot with an arrow by a centaur

Skill      XL: |  1  2  3  4 |
---------------+-------------+-----
Short Blades   | 2 3 |  3.6
Stealth        | 5 6 |  6.1
Dodging        | |  3.0
Spellcasting   | |  2.9
Hexes          | |  3.6

Action                   |  1- 3 |  4- 6 || total
-------------------------+-------+-------++-------
Melee: Dagger            |   196 |    70 ||   266
 Cast: Ensorcelled Hiber |    16 |     4 ||    20
  Use: Scroll            |     6 |       ||     6
 Stab: Sleeping          |    11 |     5 ||    16
       Distracted        |     3 |       ||     3
  Eat: Ration            |     1 |       ||     1
Armor: Robe              |    16 |     3 ||    19
Dodge: Dodged            |   157 |    47 ||   204
